Map: Lost and Found LE

Players

RexRequired

  • Race: Terran Terran
  • League: Master
  • Spawn Location: 7:00

Kupo

  • Race: Terran Terran
  • League: Diamond
  • Spawn Location: 1:00

A.I. 2 (Very Easy)

  • Race: Protoss Protoss

VOD

Have the link to the VOD?

Description

Time

  • Played on: Nov. 3, 2018, 6:47 p.m.
  • Length: 6:43
Show
View Real Time Build Order
Export as new Build Order

RexRequired Terran 

Build Orders: Gas First Reaper Expand, Liberator Opening, Reaper Expand 

Get SALT Encoding   

  12  0:00  SCV  
  13  0:12  SCV  
  14  0:17  Supply Depot  
  14  0:25  SCV  
  14  0:27  Refinery  
  15  0:38  SCV  
  16  0:44  Barracks  
  16  0:50  SCV  
  17  1:03  SCV  
  18  1:15  SCV  
  19  1:31  Orbital Command  
  19  1:32  Reaper  
  20  1:43  Command Center  
  20  1:53  Factory  
  20  1:57  SCV  
  21  2:04  Refinery  
  21  2:06  Barracks Reactor  
  21  2:09  SCV  
  21  2:13  Supply Depot  
  22  2:21  SCV  
  23  2:35  SCV  
  24  2:38  Starport  
  24  2:46  Hellion  
  24  2:47  Hellion  
  24  2:48  Barracks Tech Lab, SCV  
  29  2:56  Orbital Command  
  29  3:00  SCV  
  30  3:08  Widow Mine x2  
  35  3:12  SCV  
  35  3:15  Medivac  
  37  3:23  SCV, Supply Depot  
  37  3:25  SCV  
  39  3:31  Widow Mine x2  
  39  3:34  Marine  
  44  3:36  Liberator, SCV  
  44  3:38  SCV  
  46  3:42  Bunker  
  46  3:46  Supply Depot  
  46  3:48  SCV  
  46  3:50  SCV  
  51  4:00  SCV  
  51  4:02  SCV  
  53  4:09  Supply Depot  
  53  4:10  Siege Tank  
  53  4:12  Marine x2, Supply Depot  
  53  4:15  SCV  
  60  4:17  SCV  
  60  4:27  SCV  
  60  4:29  SCV  
  60  4:30  Marine x2  
  64  4:36  Supply Depot  
  64  4:39  SCV  
  64  4:41  SCV  
  64  4:42  Siege Tank  
  64  4:45  Viking  
  71  4:48  Marine x2  
  71  4:51  SCV  
  74  4:53  SCV  
  74  4:56  Command Center  
  75  5:03  SCV  
  75  5:05  SCV  
  75  5:06  Marine x2  
  79  5:09  Barracks  
  79  5:12  Barracks, Supply Depot  
  79  5:18  SCV x2  
  79  5:19  Refinery  
  79  5:20  Refinery  
  81  5:25  Factory Reactor  
  81  5:30  Starport Reactor, Engineering Bay  
  81  5:32  Engineering Bay  
  81  5:34  SCV x2  
  83  5:35  Marine  
  83  5:40  Supply Depot  
  84  5:46  SCV x2  
  86  5:54  Barracks  
  86  5:55  Barracks  
  86  5:58  Barracks Tech Lab, SCV  
  86  5:59  SCV  
  88  6:11  SCV x2, Marine x2, Supply Depot  
  90  6:12  Orbital Command  
  94  6:18  Marauder  
  94  6:21  Marauder  
Show
View Real Time Build Order
Export as new Build Order

Kupo Terran 

Build Orders:  

Get SALT Encoding   

  12  0:00  Probe  
  13  0:13  Probe  
  14  0:20  Pylon  
  14  0:42  Gateway  
  14  1:00  Nexus  
  14  1:20  Pylon  
  14  1:21  Zealot  
  14  1:23  Assimilator  
  16  1:33  Probe  
  16  1:35  Cybernetics Core  
  17  1:42  Probe  
  18  1:53  Probe  
  19  2:01  Probe  
  19  2:02  Assimilator  
  20  2:12  Stalker  
  20  2:13  Probe  
  23  2:16  Probe  
  23  2:17  Warp Gate  
  24  2:27  Probe  
  25  2:34  Probe  
  26  2:52  Probe  
  26  2:54  Assimilator  
  26  2:55  Pylon  
  26  2:57  Probe  
  28  3:06  Probe  
  28  3:09  Probe  
  28  3:10  Robotics Facility  
  30  3:20  Probe  
  31  3:28  Probe, Zealot  
  34  3:35  Probe  
  35  3:42  Probe  
  36  3:49  Probe  
  36  3:55  Observer  
  36  3:56  Probe  
  38  4:03  Probe  
  39  4:11  Probe, Observer  
  39  4:14  Assimilator  
  41  4:18  Probe  
  41  4:21  Probe  
  43  4:32  Probe  
  43  4:37  Probe  
  44  4:42  Pylon  
  44  4:43  Sentry  
  47  4:47  Probe  
  48  4:54  Probe  
  49  5:00  Probe  
Show
View Real Time Build Order
Export as new Build Order

A.I. 2 (Very Easy) Protoss 

Build Orders:  

Get SALT Encoding   

Tags
 
Add a new tag
Caveats
  • Supply blocks, unpowered buildings, or Contaminate may cause inaccurate times.
  • Supply counts are checked every 10 seconds.